 Dungeon Crawl Stone Soup version 0.30.1-1-g62c8e00024 (webtiles) character file.

Game seed: 16640313474093406087

182 shmup the Firebug (level 5, 0/28 HPs)
             Began as a Tengu Fire Elementalist on July 17, 2023.
             Killed from afar by Sigmund (11 damage)
             ... with a puff of flame
             ... on level 3 of the Dungeon.
             The game lasted 00:09:06 (3639 turns).

shmup the Firebug (Tengu Fire Elementalist)         Turns: 3639, Time: 00:09:07

Health: 0/28       AC:  3    Str:  8    XL:     5   Next: 61%
Magic:  9/9        EV: 16    Int: 17    God:
Gold:   175        SH:  0    Dex: 27    Spells: 5/8 levels left

rFire   . . .        a - +3 short sword (speed)
rCold   . . .        (no shield)
rNeg    . . .        h - +0 robe
rPois   .            (helmet restricted)
rElec   .            c - +0 cloak
rCorr   .            (no gloves)
SInv    .            (boots unavailable)
Will    .....        (no amulet)
Stlth   +++          r - +6 ring of dexterity
HPRegen 0.24/turn    x - +6 ring of dexterity
MPRegen 0.11/turn

%: no passive effects
@: flying quickly and evasively, quick
A: beak, talons 3, nimble flight
a: no special abilities


You were on level 3 of the Dungeon.
You visited 1 branch of the dungeon, and saw 5 of its levels.

You collected 175 gold pieces.

Inventory:

Hand Weapons
 a - a +3 short sword of speed (weapon)
 b - a +1 short sword of holy wrath
 p - a +2 dagger of holy wrath
 s - a +1 dagger of flaming
Missiles
 j - 15 stones (quivered)
 m - 17 poisoned darts
Armour
 c - a +0 cloak (worn)
 h - a +0 robe (worn)
 o - a +0 kite shield
Magical Staves
 u - a staff of earth
Jewellery
 r - a +6 ring of dexterity (left hand)
 x - a +6 ring of dexterity (right hand)
Scrolls
 d - a scroll of enchant weapon {unknown}
 f - 5 scrolls of identify {unknown}
 t - 2 scrolls of blinking {unknown}
 v - a scroll of torment {unknown}
 w - a scroll of amnesia {unknown}
Potions
 e - a potion of lignification {unknown}
 g - a potion of mutation {unknown}
 i - a potion of brilliance {unknown}
 k - a potion of magic
 l - a potion of curing {unknown}
 n - 2 potions of might {unknown}
 q - 2 potions of invisibility


   Skills:
 - Level 2.1 Dodging
 - Level 2.0 Stealth
 - Level 2.0 Spellcasting
 + Level 4.0 Conjurations
 * Level 5.8 Fire Magic


You had 5 spell levels left.
You knew the following spells:

 Your Spells              Type           Power      Damage    Failure   Level
a - Foxfire               Conj/Fire      72%        2x1d7     2%          1
b - Scorch                Fire           42%        2d6       2%          2

Your spell library contained the following spells:

 Spells                   Type           Power      Damage    Failure   Level
 Magic Dart               Conj           60%        1d6       3%          1
 Inner Flame              Hex/Fire       11%        N/A       17%         3
 Volatile Blastmotes      Fire/Tloc      22%        2d11      17%         3
 Flame Wave               Conj/Fire      18%        2d7       26%         4
 Blink                    Tloc           2%         N/A       28%         2
 Call Imp                 Summ           2%         N/A       28%         2
 Ensorcelled Hibernation  Hex/Ice        2%         N/A       28%         2
 Passwall                 Tmut/Erth      0%         N/A       28%         2
 Mephitic Cloud           Conj/Pois/Air  6%         N/A       32%         3
 Swiftness                Air            1%         N/A       50%         3
 Manifold Assault         Tloc           1%         N/A       88%         4
 Storm Form               Tmut/Air       0%         N/A       100%        7


Dungeon Overview and Level Annotations

Branches:
Dungeon (5/15)
 Temple: D:4-7

Altars:
Elyvilon
Gozag
Xom

Annotations:
D:3 Sigmund
D:4 1 exclusion, Edmund
D:5 Pikel


Innate Abilities, Weirdness & Mutations

You have a beak for a mouth.
You have claws for feet.
Your magical nature lets you fly swiftly and evasively.


Message History

Where to? (Enter - D:5, ? - help)
There is an open door here.
There is an open door here.
There is a stone staircase leading up here.
You fly upwards.
Level annotation: Sigmund
Found a ring mail.
Found a stone staircase leading up.
There is a stone staircase leading down here.
A ball python is nearby!
Casting: Foxfire (safe; 2% risk of failure)
Confirm with . or Enter, or press ? or * to list all spells.
You conjure some foxfire!
The foxfire hits the ball python.
You kill the ball python!
Your foxfire dissipates!
You start resting.
Magic restored.
Casting: Foxfire (safe; 2% risk of failure)
Confirm with . or Enter, or press ? or * to list all spells.
Okay, then.
Casting: Foxfire (safe; 2% risk of failure)
Confirm with . or Enter, or press ? or * to list all spells.
Okay, then.
You see here a +0 ring mail.
Casting: Foxfire (safe; 2% risk of failure)
Confirm with . or Enter, or press ? or * to list all spells.
You conjure some foxfire!
The foxfire hits Sigmund.
Sigmund is lightly wounded.
Sigmund shouts!
Sigmund drinks a potion.
Sigmund flickers and vanishes!
Deactivating autopickup; reactivate with Ctrl-A.
You see here a +0 ring mail.
Something barely misses you. Something hits you! Something hits you!
* * * LOW HITPOINT WARNING * * *
A puff of flame appears from out of thin air!
The puff of flame hits you!
You die...

▒.▒▒.........▒ ▒.▒
▒..........▒.▒▒▒▒▒.▒▒▒
▒.........<▒.▒▒......▒
▒....................
▒▒▒▒....▒.▒▒.▒..▒▒.▒
▒.%..........{..▒
▒..)▒▒.▒▒.......▒
▒...▒▒.......▒▒.▒ ▒
▒▒▒▒▒...▒▒.▒▒.▒.Q.▒[▒▒.▒
.......................▒...
%.............▒▒...>.......
....[.........▒...▒.▒▒▒▒...
▒▒▒........▒▒..▒<.▒..▒ ..
▒.▒...▒........▒▒.▒▒
▒.▒%..▒.▒▒▒.▒▒.▒..▒
▒.▒...▒.▒ ▒.......▒
▒.▒...▒.▒ ▒.... ..▒


There were no monsters in sight!

Vanquished Creatures
  A hound (D:4)
  3 adders (D:2)
  4 gnolls (D:3)
  2 dart slugs
  2 orcs
  5 ball pythons
  6 bats
  12 endoplasms
  2 giant cockroaches (D:1)
  5 hobgoblins
  2 jackals (D:1)
  3 quokkas
  5 frilled lizards
  11 goblins
  6 kobolds
  9 rats
78 creatures vanquished.

Vanquished Creatures (others)
  159 foxfires
159 creatures vanquished.

Grand Total: 237 creatures vanquished

Notes
Turn   | Place    | Note
-------+----------+-------------------------------------------
     0 | D:1      | shmup the Tengu Fire Elementalist began the quest for the
                  | Orb.
     0 | D:1      | Reached XP level 1. HP: 10/10 MP: 4/4
   253 | D:1      | Reached XP level 2. HP: 4/15 MP: 1/6
   322 | D:1      | Learned a level 2 spell: Scorch
   456 | D:1      | Reached skill level 4 in Fire Magic
   556 | D:1      | Reached XP level 3. HP: 11/19 MP: 3/7
  1501 | D:2      | Reached XP level 4. HP: 24/24 MP: 6/8
  1792 | D:2      | Reached skill level 5 in Fire Magic
  2558 | D:3      | Noticed Sigmund
  2795 | D:3      | Gained mutation: Your magical nature lets you fly swiftly
                  | and evasively. [Tengu growth]
  2795 | D:3      | Reached XP level 5. HP: 25/28 MP: 6/9
  3046 | D:4      | Noticed Edmund
  3190 | D:4      | Found a shimmering altar of Xom.
  3190 | D:4      | Found an opulent altar of Gozag.
  3197 | D:4      | Found a faded altar of an unknown god.
  3199 | D:4      | Found a faded altar of an unknown god.
  3201 | D:4      | Found a white marble altar of Elyvilon.
  3590 | D:5      | Entered Level 5 of the Dungeon
  3590 | D:5      | Noticed a lemure
  3590 | D:5      | Noticed a lemure
  3590 | D:5      | Noticed a lemure
  3591 | D:5      | Noticed Pikel
  3639 | D:3      | Killed from afar by Sigmund

Illustrated notes

Levels and vault maps discovered:
D:1:      dpeg_arrival_more_subterranean_lakeside_camping, layout_basic,
          minmay_quantized
D:2:      layout_basic
D:3:      layout_loops_cross, kennysheep_generic_room_10, uniq_sigmund
D:4:      layout_basic, chequers_temple_overflow_minitemple, uniq_edmund
D:5:      layout_rooms, ebering_ghost_sewer_f, lightli_sewer_entry_pipes,
          serial_shops, shop, saegor_snake_ambush, uniq_pikel, uniq_ijyb,
          uniq_grinder

Skill      XL: |  1  2  3  4  5 |
---------------+----------------+-----
Conjurations   | 2 3 4 |  4.0
Fire Magic     | 4 5 |  5.8
Dodging        | |  2.1
Stealth        | |  2.0
Spellcasting   | |  2.0

Action                     |  1- 3 |  4- 6 || total
---------------------------+-------+-------++-------
  Melee: Dagger            |    24 |    11 ||    35
         Kick              |     5 |    11 ||    16
         Peck              |     2 |     4 ||     6
         Short sword       |       |    12 ||    12
   Cast: Foxfire           |    51 |    47 ||    98
   Stab: Sleeping          |       |     1 ||     1
 Armour: Robe              |     9 |     3 ||    12
  Dodge: Dodged            |    28 |    13 ||    41
